[Event "*** SCC Grand Prix: Titled Tuesday Blitz"]
[Site "Chess.com"]
[Date "2020.07.21"]
[Round "9"]
[White "a3aki"]
[Black "Karina_Ivanova"]
[Result "0-1"]
[WhiteElo "2035"]
[BlackElo "2178"]
[TimeControl "180+1"]
[EndTime "11:49:14 PDT"]
[Termination "Karina_Ivanova won by checkmate"]

1. e4 c6 2. d4 d5 3. exd5 cxd5 4. Nf3 Nc6 5. Ne5 Nf6 6. Bb5 Bd7 7. Nxd7 Qxd7 8.
O-O e6 9. Re1 Bd6 10. Nd2 O-O 11. Nf3 Qc7 12. h3 a6 13. Bf1 b5 14. c3 Rfb8 15. Bd3 a5 16. Bg5 Nd7 17. Qc2 Nf8 18.
Bd2 b4 19. a3 bxa3 20. bxa3 a4 21. Reb1 Rxb1+ 22. Rxb1 Bxa3 23. Bb5 Bd6 24. Bxa4 Na5 25. Bb5 Rc8 26. Qa4 Nc4 27. Bxc4 Qxc4 28. Qxc4 Rxc4 29. Rb6 Bc7 30. Rb7 h5 31. Ne5 Bxe5 32. dxe5 Ng6 33. Be3 Nxe5 34. Bd4 Nc6 35. Be3 Rxc3 36. Rc7 Rc4 37.
Rc8+ Kh7 38. Rc7 Ne5 39. Rxc4 Nxc4 40. Bc1 e5 41. Kf1 Kg6 42. Ke2 e4 43. f3 Kf5 44. g4+ hxg4 45. hxg4+ Ke5 46. fxe4 dxe4 47. Bg5 f6 48. Bh4 g6 49. Bg3+ Kd4 50. Bf2+ Kd5 51. Bg3 f5 52. gxf5 gxf5 53. Bf4 Kd4 54. Bg5 Ne5 55.
Bf6 f4 56. Bg5 f3+ 57. Kf1 Ng4 58. Bf4 Kd3 59. Ke1 e3 60. Bg3 f2+ 61. Bxf2 exf2+ 62. Kf1 Ke3 63. Kg2 Ke2 64. Kg3 f1=Q 65. Kh4 Ne3 66. Kg3 Qf5 67. Kh2 Qg4 68. Kh1 Qg2# 0-1

[Event "*** SCC Grand Prix: Titled Tuesday Blitz"]
[Site "Chess.com"]
[Date "2020.07.21"]
[Round "9"]
[White "MusicCityMaster"]
[Black "ftorodent"]
[Result "0-1"]
[WhiteElo "2458"]
[BlackElo "2647"]
[TimeControl "180+1"]
[EndTime "11:49:16 PDT"]
[Termination "ftorodent won by resignation"]

1. e4 c5 2. Nf3 e6 3. d4 cxd4 4.
Nxd4 a6 5. Bd3 Bc5 6. Nb3 Be7 7.
O-O d6 8. Nc3 Nf6 9. Kh1 Nc6 10.
f4 O-O 11. Qe1 Qc7 12. Bd2 b5 13. Qg3 Bb7 14. Rae1 g6 15. f5 Ne5 16. Bh6 Rfe8 17.
fxe6 fxe6 18. Nd4 Bc8 19. Bg5 Nh5 20. Qh4 Bxg5 21. Qxg5 Qe7 22. Qd2 Qh4 23. Re3 Qg5 24.
Qe1 Bd7 25. Nf3 Qf6 26. Nd2 Qe7 27. Rh3 Rf8 28. Nf3 Nf4 29. Rg3 Nfxd3 30. cxd3 Nxd3 31.
Qd1 Ne5 32. Nxe5 dxe5 33. Rgf3 Rxf3 34. Rxf3 Bc6 35. Qd2 b4 36. Ne2 Bxe4 37. Re3 Rd8 38. Qe1 Bc2 39. Qf2 Qc5 40. Ng1 Rd3 41. Re2 Qxf2 42.
Rxf2 Bb1 43. b3 Rd1 44. h3 e4 45. Kh2 Bd3 46. Kg3 e5 47. Ne2 e3 48. Rf3 Bxe2 49.
Rxe3 Rd2 50. Rxe5 Rxa2 51. Re7 Bb5 52. Kf3 Rb2 53. g4 Rxb3+ 54. Kf4 Rc3 55. h4 b3 56. Kg5 b2 57. Kh6 b1=Q 58. Rg7+ Kf8 59. Rxh7 Qe4 60.
Rh8+ Kf7 61. Rh7+ Ke6 62. g5 Qxh4+ 0-1

[Event "*** SCC Grand Prix: Titled Tuesday Blitz"]
[Site "Chess.com"]
[Date "2020.07.21"]
[Round "9"]
[White "Chessbard1972"]
[Black "crazychessbr"]
[Result "1-0"]
[WhiteElo "2311"]
[BlackElo "2127"]
[TimeControl "180+1"]
[EndTime "11:49:16 PDT"]
[Termination "Chessbard1972 won by resignation"]

1. d4 Nf6 2. c4 g6 3. Nf3 Bg7 4. g3 d6 5. Bg2 O-O 6. Nc3 Nc6 7. O-O e5 8. dxe5 dxe5 9. Qxd8 Rxd8 10.
Bg5 Be6 11. Nd2 h6 12. Bxf6 Bxf6 13. Nd5 Bxd5 14. cxd5 Nb4 15. e4 Bg5 16. Nc4 Bf6 17.
Rfc1 Nd3 18. Rc3 Nb4 19. Na5 b6 20. Nc6 Nxc6 21. Rxc6 Be7 22. Rxc7 Bc5 23. Bh3 Kf8 24. a3 a5 25. Rc1 Re8 26. Kf1 Re7 27. Rc6 Rd8 28.
b4 axb4 29. axb4 Bxb4 30. Rxb6 Ba3 31. Rcc6 Ra7 32. f4 exf4 33. gxf4 Be7 34. Bg2 Ra1+ 35. Ke2 Rda8 36. Rb2 Ba3 37. Rbc2 Kg7 38. e5 Bb4 39.
d6 Re1+ 40. Kf2 Raa1 41. Rc7 Ba5 42. Rb7 Rad1 43. Re2 Ra1 44. Rxe1 Bxe1+ 45. Ke2 Bh4 46. Bd5 Re1+ 47. Kd2 Rg1 48. Rxf7+ Kh8 49. e6 Be1+ 50. Ke2 Bb4 51. e7 Re1+ 52. Kf2 Rxe7 53. dxe7 Bxe7 54. Rxe7 1-0

[Event "*** SCC Grand Prix: Titled Tuesday Blitz"]
[Site "Chess.com"]
[Date "2020.07.21"]
[Round "9"]
[White "BJthechessgod"]
[Black "denispopov"]
[Result "1-0"]
[WhiteElo "2289"]
[BlackElo "1818"]
[TimeControl "180+1"]
[EndTime "11:49:18 PDT"]
[Termination "BJthechessgod won by checkmate"]

1. e4 c5 2. Nf3 Nc6 3. Bb5 g6 4. Bxc6 dxc6 5. d3 Bg7 6. h3 Nf6 7. Nc3 Nd7 8. Be3 b6 9. Qd2 h5 10. O-O Nf8 11. Nh2 Ne6 12. f4 Bd4 13. Kh1 Bxe3 14.
Qxe3 Nd4 15. Rf2 Bd7 16. Nf3 Nxf3 17. Qxf3 Qc7 18. Kg1 O-O-O 19. a4 a5 20. Nd1 f6 21.
Ne3 Rdf8 22. c3 e6 23. Rb1 g5 24. b4 gxf4 25. Qxf4 Qxf4 26. Rxf4 cxb4 27. cxb4 axb4 28.
Rxb4 Kc7 29. Nc4 b5 30. axb5 cxb5 31. Na3 Kb6 32. Rf1 Kc5 33. Rfb1 Rb8 34. d4+ Kc6 35.
Rc1+ Kd6 36. Rc5 Ra8 37. Nxb5+ Bxb5 38. Rbxb5 Ra1+ 39. Kf2 Ra2+ 40. Kf3 Ra3+ 41. Kf4 e5+ 42. dxe5+ fxe5+ 43. Rxe5 Rf8+ 44. Rf5 Rg8 45. Rg5 Rf8+ 46. Rbf5 Rh8 47. Rxh5 Rxh5 48. Rxh5 Ke7 49. Rh6 Kf7 50. Kf5 Ra5+ 51. e5 Ra4 52. g4 Ra1 53. Rb6 Rf1+ 54.
Kg5 Re1 55. e6+ Rxe6 56. Rxe6 Kxe6 57. Kg6 Ke7 58. Kg7 Ke6 59. h4 Ke5 60. h5 Ke4 61. h6 Ke3 62. h7 Ke2 63. h8=Q Ke1 64. Qh2 Kd1 65. Qf2 Kc1 66. Kf6 Kb1 67. Ke5 Ka1 68. Kd4 Kb1 69. Kc3 Ka1 70. Qb2# 1-0

[Event "*** SCC Grand Prix: Titled Tuesday Blitz"]
[Site "Chess.com"]
[Date "2020.07.21"]
[Round "9"]
[White "Violord"]
[Black "chigorin28"]
[Result "0-1"]
[WhiteElo "2621"]
[BlackElo "2459"]
[TimeControl "180+1"]
[EndTime "11:49:20 PDT"]
[Termination "chigorin28 won by resignation"]

1. Nf3 Nf6 2. g3 d5 3. Bg2 e6 4. Kf1 Bd6 5. d3 O-O 6. Nbd2 b6 7. c4 Bb7 8. cxd5 exd5 9. h4 Re8 10. h5 h6 11. Nh4 c5 12. Nf5 Bc7 13. Nf3 Bc8 14. N3h4 Nc6 15. e3 Ne7 16. Nxe7+ Qxe7 17. Kg1 Bg4 18.
Bf3 Be6 19. Bd2 Rad8 20. a3 Qd7 21. b4 Bd6 22. Rb1 Be7 23. Kg2 Rc8 24. bxc5 bxc5 25. a4 c4 26. Bc3 Red8 27. Bd4 c3 28. Rc1 Bb4 29. Qc2 Qe7 30. a5 a6 31. Ra1 Rb8 32. Rhb1 Rdc8 33. Ra4 Bd7 34. Bxf6 gxf6 35. Raa1 Qe6 36. d4 Qh3+ 37. Kg1 Qe6 38. Rc1 Bd6 39. Qd1 Rb2 40. Rc2 Rxc2 41. Qxc2 Bb4 42. Be2 Kf8 43.
Bd3 Rb8 44. Bf5 Qd6 45. Bxd7 Qxd7 46. Qh7 Rc8 47. Kg2 Ke8 48. Nf5 Bf8 49. Rc1 Qe6 50. Nh4 Qe4+ 51. Qxe4+ dxe4 52. Rc2 Ba3 53. f3 Bb4 54. fxe4 Bxa5 55. Nf5 Kd7 56. Nxh6 Rb8 57.
Nf5 Rb2 58. h6 Rxc2+ 59. Kh3 Rb2 60. h7 Rb8 61. Nh6 Rh8 62. Ng8 Rxh7+ 63. Kg2 Bd8 0-1

[Event "*** SCC Grand Prix: Titled Tuesday Blitz"]
[Site "Chess.com"]
[Date "2020.07.21"]
[Round "9"]
[White "sergivila"]
[Black "FontVella8"]
[Result "1-0"]
[WhiteElo "2421"]
[BlackElo "2576"]
[TimeControl "180+1"]
[EndTime "11:49:20 PDT"]
[Termination "sergivila won by checkmate"]

1. e4 c6 2. d4 d5 3. e5 c5 4. dxc5 e6 5. a3 Bxc5 6. b4 Bb6 7.
Nf3 Ne7 8. Bd3 Ng6 9. O-O O-O 10.
Bb2 Nf4 11. Re1 Nxd3 12. Qxd3 a5 13. Nbd2 Nc6 14. b5 Ne7 15. c4 dxc4 16. Qxc4 Qd5 17.
Qe2 Bd7 18. a4 Ng6 19. g3 Rac8 20. Ne4 Qb3 21. Bd4 Bxd4 22. Nxd4 Qb4 23. Nf3 Rc7 24. Nd6 b6 25. Reb1 Qg4 26. Qe3 Rc5 27. Rd1 f6 28. Rd4 Qh5 29. exf6 Rxf6 30. Nd2 Re5 31. Re4 Rd5 32. Re1 Rxd6 33. Nc4 Rd1 34. Nxb6 Rxe1+ 35. Qxe1 Nf8 36. Rd4 Be8 37. Nc4 Qc5 38. Re4 Bg6 39.
Rh4 Nd7 40. Ne3 e5 41. Qxa5 e4 42. Qd8+ Nf8 43. Rf4 Qc1+ 44. Kg2 Rxf4 45. gxf4 Qc3 46. f5 Bf7 47. b6 Qb3 48. Qc7 Qxa4 49. b7 Nd7 50.
Qd8+ Nf8 51. b8=Q Qa5 52. Qxf8# 1-0

[Event "*** SCC Grand Prix: Titled Tuesday Blitz"]
[Site "Chess.com"]
[Date "2020.07.21"]
[Round "9"]
[White "RaunakSadhwani2005"]
[Black "1977Ivan"]
[Result "1-0"]
[WhiteElo "3008"]
[BlackElo "2733"]
[TimeControl "180+1"]
[EndTime "11:49:22 PDT"]
[Termination "RaunakSadhwani2005 won by resignation"]

1. d4 Nf6 2. Bf4 d6 3. Nc3 Nbd7 4. Nf3 c5 5. d5 b5 6. Nxb5 Qa5+ 7. Nc3 Rb8 8. Bd2 Rxb2 9. e4 g6 10. Bd3 Bg7 11.
O-O O-O 12. Qc1 Rb8 13. Re1 Ng4 14. Nd1 Qb6 15. c3 Ba6 16. Rb1 Qa5 17. c4 Rxb1 18.
Bxb1 Qa4 19. Bd3 Nge5 20. Nxe5 Nxe5 21. Bf1 Nxc4 22. Nc3 Qb4 23. Nb1 Nxd2 24. Nxd2 Bc3 25. Rd1 Bxd2 26. Qxd2 Qxd2 27. Rxd2 Bxf1 28. Kxf1 Rb8 29.
Ke2 Rb4 30. f3 f5 31. Ke3 Kf7 32. h4 Kf6 33. Kf4 h6 34. Rf2 g5+ 35. hxg5+ hxg5+ 36. Ke3 Ke5 37. exf5 Kxf5 38. Re2 Rd4 39. Kf2 Rxd5 40. Rxe7 Rd2+ 41. Ke3 Rxa2 42. g4+ Kf6 43. Rd7 Ke6 44. Rg7 Ra3+ 45. Kf2 Kf6 46. Rd7 Ke6 47. Rg7 Kf6 48.
Rd7 Ke5 49. Rg7 c4 50. Rxg5+ Kd4 51. Rg6 d5 52. Rc6 Ra2+ 53. Kg3 c3 54. g5 Kd3 55.
g6 Ra1 56. Kg2 Ra2+ 57. Kg3 c2 58. g7 Ra6 59. g8=Q Rxc6 60. Qxd5+ Ke2 61. Qxc6 Kd2 62. Qd5+ Ke2 63. Qc4+ Kd2 64. Qd4+ Kc1 65. Qxa7 Kd2 66. Qd4+ 1-0

[Event "*** SCC Grand Prix: Titled Tuesday Blitz"]
[Site "Chess.com"]
[Date "2020.07.21"]
[Round "9"]
[White "Mikasinski"]
[Black "VALPARAISO37"]
[Result "1-0"]
[WhiteElo "2434"]
[BlackElo "2283"]
[TimeControl "180+1"]
[EndTime "11:49:22 PDT"]
[Termination "Mikasinski won by resignation"]

1. e4 e5 2. Nf3 Nc6 3. Nc3 Nf6 4. Bb5 Bb4 5. O-O O-O 6. d3 d6 7. Bg5 Bxc3 8. bxc3 Bd7 9. Re1 h6 10. Bh4 Re8 11. d4 a6 12. Bd3 Bg4 13. h3 Bxf3 14. Qxf3 exd4 15. cxd4 Nxd4 16. Qg3 Kh8 17. f4 Nh5 18.
Qf2 g5 19. Qxd4+ Kg8 20. fxg5 hxg5 21. Bf2 Nf4 22. Qc3 Qd7 23. Qf6 Ne6 24. e5 Qe7 25.
Qxe7 Rxe7 26. exd6 cxd6 27. Bc4 Rc8 28. Bb3 Kg7 29.
Rad1 Rc6 30. Bg3 b5 31. Rxd6 Rxd6 32. Bxd6 Rd7 33. Bxe6 Rxd6 34. Bf5 Kf6 35. Bd3 Rc6 36. Kf2 b4 37. Re4 a5 38. Rc4 Rd6 39. Rc5 a4 40. Rf5+ Ke7 41. Rxg5 b3 42. axb3 axb3 43. cxb3 Rxd3 44.
b4 Rb3 45. b5 Ke6 46. h4 f6 47. Rc5 Kd6 48. Rc6+ Ke5 49. b6 f5 50. h5 Kf4 51. h6 Rb2+ 52. Kg1 Kg3 53. Rg6+ Kf4 54. h7 Ke3 55. h8=Q Rxg2+ 56. Kxg2 f4 57. Qe5+ Kd3 58. Rd6+ Kc4 59. Qxf4+ Kc5 60. Qe5+ Kb4 61. Rd4+ Ka3 62. Qe3+ Ka2 63. Rd2+ 1-0

[Event "*** SCC Grand Prix: Titled Tuesday Blitz"]
[Site "Chess.com"]
[Date "2020.07.21"]
[Round "9"]
[White "natelleka"]
[Black "maxip32"]
[Result "1-0"]
[WhiteElo "2180"]
[BlackElo "2412"]
[TimeControl "180+1"]
[EndTime "11:49:22 PDT"]
[Termination "natelleka won on time"]

1. d4 Nf6 2. Bf4 g6 3. e3 Bg7 4. Nf3 O-O 5. Be2 d6 6. O-O Nbd7 7. h3 b6 8. a4 Bb7 9. a5 c5 10. c3 Qc7 11. Bh2 a6 12. axb6 Qxb6 13. Nbd2 cxd4 14. Nc4 Qc7 15. exd4 Nb6 16. Qb3 Nxc4 17. Bxc4 Bxf3 18. gxf3 Qc6 19. Kg2 Rfb8 20. Bxf7+ Kf8 21. Qa2 d5 22. Bxb8 Rxb8 23. Bxg6 hxg6 24. Qxa6 Qc7 25. Qa7 Rb7 26. Qa8+ Kf7 27. b4 Nh5 28. Rfe1 Nf4+ 29. Kf1 Qd7 30. Re3 Qb5+ 31. Ke1 Ng2+ 32. Kd2 Nxe3 33. fxe3 Qd7 34. Ra5 e5 35. Rc5 exd4 36. exd4 Bh6+ 37. Kc2 Kg7 38. Kb3 Ra7 39. Qxd5 Qa4+ 40. Kc4 Qa2+ 41. Kd3 Qb1+ 42. Kc4 Qf1+ 43. Kb3 Qd1+ 44. Kc4 Qc2 45. Qe5+ Kh7 46.
Rc7+ Rxc7+ 47. Qxc7+ Bg7 48. Qf4 Qe2+ 49. Kd5 Qb5+ 50.
Ke4 Qc4 51. Qe3 1-0

[Event "*** SCC Grand Prix: Titled Tuesday Blitz"]
[Site "Chess.com"]
[Date "2020.07.21"]
[Round "9"]
[White "Harsha_Bharathakoti"]
[Black "Ermito2020"]
[Result "1/2-1/2"]
[WhiteElo "2762"]
[BlackElo "2607"]
[TimeControl "180+1"]
[EndTime "11:49:23 PDT"]
[Termination "Game drawn by repetition"]

1. d4 d5 2. c4 e6 3. Nf3 Nf6 4. Nc3 c6 5. e3 Nbd7 6. Qc2 Bd6 7.
Bd3 dxc4 8. Bxc4 b5 9. Be2 Bb7 10. O-O O-O 11. Rd1 Qc7 12. Bd2 a6 13. b4 a5 14. a3 axb4 15. axb4 Qb6 16. Rab1 Rfe8 17.
Bd3 e5 18. h3 exd4 19. exd4 g6 20. Qb3 Nd5 21. Ne4 Bf8 22. Re1 Ra4 23. Nc5 Rxe1+ 24.
Rxe1 Nxc5 25. dxc5 Qd8 26. Ne5 Bg7 27. Bc2 Ra8 28. Qf3 Qf6 29. Qxf6 Bxf6 30. Bb3 Rd8 31. Ng4 Bg7 32. Bg5 Ra8 33. Bxd5 cxd5 34. Re7 Bc6 35. Rc7 Be8 36. Nf6+ Bxf6 37. Bxf6 h6 38. h4 Ra6 39. Bd4 Re6 40. f3 Kh7 41. Rc8 g5 42. h5 f5 43. g4 fxg4 44. fxg4 Re4 45. Rc7+ Kg8 46. Bf6 Rxg4+ 47. Kh2 Rh4+ 48. Kg3 Bxh5 49. c6 Rg4+ 50. Kh3 Rh4+ 51. Kg3 Rg4+ 52. Kh3 Rh4+ 53. Kg3 1/2-1/2

[Event "*** SCC Grand Prix: Titled Tuesday Blitz"]
[Site "Chess.com"]
[Date "2020.07.21"]
[Round "9"]
[White "TargetA"]
[Black "GukeshDommaraju"]
[Result "0-1"]
[WhiteElo "2575"]
[BlackElo "2723"]
[TimeControl "180+1"]
[EndTime "11:49:27 PDT"]
[Termination "GukeshDommaraju won on time"]

1. e4 c5 2. Nf3 Nc6 3. Nc3 e5 4.
Bc4 Be7 5. d3 d6 6. Nd2 Nf6 7.
Nf1 Nd7 8. Ne3 Nb6 9. O-O O-O 10.
a4 Bg5 11. Ned5 Bxc1 12. Rxc1 Be6 13. Ne3 Nd4 14. Ra1 g6 15. Ncd5 Nxc4 16. dxc4 f5 17. c3 Nc6 18. f3 f4 19. Nc2 Ne7 20. Nxe7+ Qxe7 21. b3 g5 22. Qe2 h5 23. Rad1 Rad8 24. Rd3 g4 25. Rfd1 Rf6 26. Qd2 Bc8 27. b4 b6 28. Na3 Rg6 29. Kh1 gxf3 30. gxf3 Bh3 31. Qf2 Kh7 32. Rg1 Rxg1+ 33. Qxg1 Rg8 34. Qf2 Bg2+ 35. Qxg2 Rxg2 36. Kxg2 Qh4 37. Nc2 Qf6 38.
Na3 a6 39. a5 cxb4 40. cxb4 bxa5 41. bxa5 Qd8 42. c5 Qg8+ 43. Kf2 dxc5 44. Ke2 Qa2+ 45. Ke1 c4 46. Rc3 Qb2 47. Rxc4 Qxa3 48. Rc7+ Kg6 49. Rc6+ Kg5 50. Rxa6 Qe3+ 0-1

[Event "*** SCC Grand Prix: Titled Tuesday Blitz"]
[Site "Chess.com"]
[Date "2020.07.21"]
[Round "9"]
[White "Rodalquilar"]
[Black "KyrgyzFighter"]
[Result "1-0"]
[WhiteElo "2667"]
[BlackElo "2351"]
[TimeControl "180+1"]
[EndTime "11:49:27 PDT"]
[Termination "Rodalquilar won by checkmate"]

1. d4 f5 2. g3 Nf6 3. Bg2 g6 4. Nf3 Bg7 5. O-O O-O 6. Nbd2 d6 7. Re1 Nc6 8. e4 e5 9. dxe5 Nxe4 10. Nxe4 fxe4 11.
Bg5 Qd7 12. Qd5+ Qe6 13. Qxe4 dxe5 14. Be3 Qf5 15. Ng5 h6 16. Qxf5 gxf5 17. Bd5+ Kh8 18. Ne6 Bxe6 19. Bxe6 f4 20. Bc5 Rf6 21. Bd5 Rd8 22. Be4 b6 23. Ba3 fxg3 24. hxg3 Rd2 25. Rad1 Rxd1 26. Rxd1 Nd4 27. c3 Ne6 28. Rd7 c5 29. Rxa7 Ng5 30. Bd5 Rd6 31. c4 e4 32.
Ra6 Bd4 33. Kg2 Kg7 34. b4 Rf6 35. bxc5 Rxf2+ 36. Kh1 Nf3 37. Ra7+ Kg6 38. Bxe4+ Kg5 39. Bxf3 Rxf3 40. c6 Rxg3 41. c7 Rg1+ 42. Kh2 Rc1 43.
c8=Q Rc2+ 44. Kh1 Rc1+ 45. Kg2 Rc2+ 46. Kf3 Rc3+ 47. Ke4 Bf2 48. Qf5+ Kh4 49. Qxf2+ Kh3 50. Qf3+ Rxf3 51. Kxf3 h5 52. Rh7 h4 53. Rh6 Kh2 54. Rxh4+ Kg1 55. Rh5 b5 56. cxb5 Kf1 57. Rh1# 1-0

[Event "*** SCC Grand Prix: Titled Tuesday Blitz"]
[Site "Chess.com"]
[Date "2020.07.21"]
[Round "9"]
[White "vladislavkovalev"]
[Black "BilguunSu"]
[Result "1-0"]
[WhiteElo "2908"]
[BlackElo "2677"]
[TimeControl "180+1"]
[EndTime "11:49:28 PDT"]
[Termination "vladislavkovalev won by resignation"]

1. e4 c5 2. Be2 b6 3. d3 Bb7 4.
f4 g6 5. Nf3 Bg7 6. O-O d6 7.
c3 e6 8. Be3 Ne7 9. Nbd2 O-O 10.
d4 Nd7 11. Rc1 f5 12. Qb3 d5 13. e5 c4 14. Qc2 h6 15. b3 b5 16. a4 a6 17. h3 Nb6 18. axb5 axb5 19. Ra1 Qc7 20. g4 cxb3 21. Nxb3 Nc4 22. Rxa8 Nxe3 23.
Rxf8+ Bxf8 24. Qd2 Nxf1 25. Kxf1 Qb6 26. Nc5 Nc8 27.
Nd7 Qa5 28. gxf5 gxf5 29. Nf6+ Kf7 30. Nh4 Qa1+ 31. Kg2 Ba3 32. Bxb5 Qb2 33. Be8+ Kg7 34. Nf3 Qxd2+ 35. Nxd2 Bb2 36. Bd7 Kf7 37. Nb3 Nb6 38.
Bxe6+ Kxe6 39. Nc5+ Kf7 40. Nxb7 Bxc3 41. Nd6+ Ke6 42. Nb5 Bb2 43. Kf3 Bc1 44. Nc7+ Kf7 45. Nfxd5 Nc4 46. e6+ Kg6 47. e7 Nd6 48. e8=Q+ Nxe8 49.
Nxe8 Bb2 50. Ke3 Bc1+ 51. Kd3 Kf7 52. Nec7 h5 53. Ne3 Kf6 54. Ncd5+ Ke6 55. Nc3 Ba3 56. Ne2 Bd6 57. Nc4 Bc7 58. Ne5 Kd5 59. Ng3 1-0

[Event "*** SCC Grand Prix: Titled Tuesday Blitz"]
[Site "Chess.com"]
[Date "2020.07.21"]
[Round "9"]
[White "Vuk2000"]
[Black "Sam_ChessMood"]
[Result "1/2-1/2"]
[WhiteElo "2633"]
[BlackElo "2794"]
[TimeControl "180+1"]
[EndTime "11:49:30 PDT"]
[Termination "Game drawn by repetition"]

1. d4 d5 2. Bf4 Nf6 3. e3 c5 4. c3 Nc6 5. Nd2 Bf5 6. Qb3 Qc8 7.
Ngf3 e6 8. Bb5 Be7 9. Ne5 O-O 10. Nxc6 bxc6 11. Be2 cxd4 12. cxd4 c5 13. dxc5 Qxc5 14.
O-O Qa5 15. Nf3 Ne4 16. Rfc1 Nc5 17. Qb5 Qxb5 18. Bxb5 Rfc8 19. Nd4 a6 20. Bc6 Nd3 21. Nxf5 exf5 22. Bxa8 Rxc1+ 23. Rxc1 Nxc1 24. Bxd5 Ne2+ 25. Kf1 Nxf4 26. exf4 Bf6 27. b4 Bc3 28. Bc4 Bxb4 29. Bxa6 Ba3 30. Ke2 Kf8 31. Bc4 Ke7 32. Kd3 f6 33.
Bg8 h6 34. Kc4 g5 35. Bh7 Ke6 36. Bg8+ Kd6 37. Bd5 Bc5 38. f3 Be3 39. fxg5 fxg5 40.
a4 Bf4 41. h3 h5 42. h4 gxh4 43.
Bf7 Bg3 44. Kb5 Kc7 45. Bxh5 Kb8 46. Bg6 f4 47. Kb6 Bf2+ 48. Kc6 Ka7 49. Bd3 Bg3 50. Kb5 Bf2 51. Bf5 Bg3 52. Bh3 Bf2 53. Bg4 Bg3 54. Bh3 Bf2 55. Bg4 Bg3 56. Bh3 1/2-1/2

[Event "*** SCC Grand Prix: Titled Tuesday Blitz"]
[Site "Chess.com"]
[Date "2020.07.21"]
[Round "9"]
[White "Undisputed92"]
[Black "Maksat-94"]
[Result "1-0"]
[WhiteElo "2649"]
[BlackElo "2485"]
[TimeControl "180+1"]
[EndTime "11:49:32 PDT"]
[Termination "Undisputed92 won by resignation"]

1. e4 c5 2. Nf3 d6 3. Nc3 Nf6 4. e5 dxe5 5. Nxe5 Nbd7 6. d4 e6 7. Bb5 Be7 8. Be3 cxd4 9. Qxd4 O-O 10. O-O-O Nxe5 11. Qxe5 Qa5 12. Bd4 a6 13. Be2 Qxe5 14. Bxe5 b5 15. Bf3 Ra7 16. Ne4 Nxe4 17. Bxe4 Bc5 18.
Bd6 Bxd6 19. Rxd6 f6 20. Rhd1 Kf7 21. c3 h6 22. Rb6 Ke7 23. Rdd6 Rd8 24. Rxd8 Kxd8 25.
Rd6+ Ke7 26. Rd2 f5 27. Bc2 e5 28. a4 Bd7 29. Rd5 Ke6 30. Rc5 bxa4 31. Ra5 g5 32. Bxa4 Bxa4 33. Rxa4 a5 34. b4 Rc7 35. bxa5 Rxc3+ 36. Kd2 Rc7 37. a6 Ra7 38. Ra5 e4 39.
Ke3 Kf6 40. h3 h5 41. g3 h4 42. gxh4 gxh4 43. Kf4 Ke6 44. Ra1 Kf6 45. Ra3 Ke6 46. Ra5 Kd6 47. Kxf5 Kc6 48. Kxe4 Kb6 49. Ra4 Re7+ 50.
Kf5 Ka7 51. f4 Re3 52. Kg4 Rg3+ 53. Kxh4 1-0

[Event "*** SCC Grand Prix: Titled Tuesday Blitz"]
[Site "Chess.com"]
[Date "2020.07.21"]
[Round "9"]
[White "MIJUAREZ"]
[Black "ural58"]
[Result "0-1"]
[WhiteElo "2389"]
[BlackElo "2526"]
[TimeControl "180+1"]
[EndTime "11:49:32 PDT"]
[Termination "ural58 won on time"]

1. e4 d5 2. exd5 Qxd5 3. Nc3 Qa5 4. d4 Nf6 5. Nf3 Nc6 6. Bb5 Ne4 7. Bd2 Nxc3 8.
Bxc6+ bxc6 9. Bxc3 Qd5 10. O-O Bg4 11. Re1 Bxf3 12. Qxf3 Qxf3 13. gxf3 e6 14. f4 Kd7 15. Rad1 Bd6 16. f5 exf5 17. d5 c5 18. Kh1 Rhg8 19.
Re3 g6 20. h3 Rge8 21. Rde1 Rxe3 22. Rxe3 Bf4 23. Rf3 Bh6 24. Be5 Re8 25. Bh2 Re1+ 26.
Kg2 Re2 27. Rc3 Bf8 28. Bf4 Re4 29. Be3 Bg7 30. Rxc5 Bxb2 31. Ra5 Rc4 32. Rxa7 Rxc2 33. a4 Be5 34. Kf3 Rc3 35. Ke2 Ra3 36. a5 Bd6 37.
a6 f4 38. Bd4 Ra4 39. Kd3 Ra3+ 40. Kc4 Ra4+ 41. Kc3 Ra2 42. Ra8 c5 43. dxc6+ Kxc6 44. a7 Kd5 45. Rd8 Ra3+ 46. Kb2 Ra6 47. Kc3 Ra3+ 48.
Kb2 Ra6 49. a8=Q+ Rxa8 50. Rxa8 Kxd4 51. Rh8 h5 52. Rh7 f5 53. Rg7 Ke4 54. Rxg6 Be5+ 55. Kc2 Kf3 56. Rg5 Bd4 57. Rxf5 h4 58. Rh5 Bxf2 59.
Rg5 Bg3 0-1

[Event "*** SCC Grand Prix: Titled Tuesday Blitz"]
[Site "Chess.com"]
[Date "2020.07.21"]
[Round "9"]
[White "NikolaGry"]
[Black "Alexander_Zubov"]
[Result "0-1"]
[WhiteElo "2640"]
[BlackElo "2847"]
[TimeControl "180+1"]
[EndTime "11:49:34 PDT"]
[Termination "Alexander_Zubov won by resignation"]

1. d4 Nf6 2. Nf3 g6 3. Bf4 Bg7 4. c3 d6 5. h3 O-O 6. e3 c5 7.
Nbd2 Be6 8. Be2 Qb6 9. Qc1 Rc8 10. dxc5 Qxc5 11. O-O a6 12. Nd4 Bd7 13. Bh2 b5 14.
Bf3 Ra7 15. a3 Qb6 16. Qd1 e5 17. Nc2 Be6 18. e4 Bh6 19. Qe2 Nbd7 20. Rfd1 Nc5 21. Ne3 Na4 22. Ndf1 Rac7 23. h4 Nc5 24. Nd2 a5 25. g4 Bxe3 26. fxe3 Na4 27. Nf1 Qc6 28. Qg2 Bb3 29. Rd2 Nb6 30. g5 Nfd7 31. h5 Be6 32.
Rf2 Nc4 33. Rd1 Nc5 34. Re2 Rb7 35. Ng3 b4 36. cxb4 axb4 37. Nf5 gxf5 38. exf5 e4 39. Bg4 Bd7 40. g6 f6 41. gxh7+ Kxh7 42. Qh3 Rg8 43. Rg2 Ne5 44. Bxe5 dxe5 45. h6 Be8 46. Rd8 Qc7 47. Rxe8 Rxe8 48. Bh5 Qd8 49. Qg4 Rg8 50. Bg6+ Kh8 51. Qh4 bxa3 52. bxa3 Rb3 53. h7 Rg7 54. Kh2 Rxe3 55. Rc2 Rd3 56. Rb2 Rd2+ 57.
Rxd2 Qxd2+ 0-1

[Event "*** SCC Grand Prix: Titled Tuesday Blitz"]
[Site "Chess.com"]
[Date "2020.07.21"]
[Round "9"]
[White "j2806"]
[Black "alfiefischer77"]
[Result "0-1"]
[WhiteElo "2047"]
[BlackElo "2198"]
[TimeControl "180+1"]
[EndTime "11:49:34 PDT"]
[Termination "alfiefischer77 won on time"]

1. e4 d5 2. exd5 Nf6 3. d4 Bg4 4. Be2 Bxe2 5. Qxe2 Qxd5 6. Nf3 Nc6 7. c3 O-O-O 8. O-O h6 9. a4 g5 10. Re1 g4 11.
Ne5 Nxe5 12. Qxe5 Bg7 13. Qxd5 Nxd5 14. Na3 Rhe8 15. Nc4 f6 16. Bd2 e6 17. g3 Kd7 18.
Kg2 h5 19. f3 Rh8 20. Ne3 Nxe3+ 21. Bxe3 Rde8 22. Re2 Bh6 23. Rae1 Bxe3 24. Rxe3 Kd6 25. Re4 Rhg8 26. f4 Rh8 27. f5 e5 28. dxe5+ Rxe5 29. Rxe5 fxe5 30. Rf1 Rf8 31. h3 e4 32. hxg4 hxg4 33. Rf4 Ke5 34. Rxg4 Rxf5 35. Rg7 Kd6 36. g4 Rf4 37. g5 e3 38. Rg6+ Kd5 39. Rg8 e2 40. Re8 Rg4+ 41. Kf3 Rxg5 42. Rxe2 Rf5+ 43.
Kg3 Kc4 44. Re7 Rc5 45. Re2 Kb3 46. Kf4 Kxa4 47. Ke4 Kb3 48. Kd4 Rc6 49. Kd5 a5 50. Kd4 Rd6+ 51. Ke4 b5 52. Kf5 a4 53. Re5 Rb6 54. Re2 c5 55. Ke5 b4 56. cxb4 cxb4 57.
Kd5 a3 58. bxa3 bxa3 59. Re3+ Ka4 60. Kd4 a2 0-1

[Event "*** SCC Grand Prix: Titled Tuesday Blitz"]
[Site "Chess.com"]
[Date "2020.07.21"]
[Round "9"]
[White "QueenOfTactics90"]
[Black "PattyCastillo"]
[Result "0-1"]
[WhiteElo "1967"]
[BlackElo "1942"]
[TimeControl "180+1"]
[EndTime "11:49:34 PDT"]
[Termination "PattyCastillo won by checkmate"]

1. e4 c5 2. Nf3 d6 3. d4 cxd4 4. Nxd4 Nf6 5. f3 a6 6. c4 e5 7. Nb3 Be7 8. Nc3 Be6 9. Be3 Nc6 10. Be2 Rc8 11. Rc1 O-O 12. O-O Nd7 13. g4 g6 14.
Qd2 f5 15. exf5 gxf5 16. gxf5 Rxf5 17. Kh1 Kh8 18. Ne4 Nd4 19. Bxd4 exd4 20. Qxd4+ Bf6 21. Qxd6 Qe8 22. Nxf6 Rxf6 23. Qd4 Qf7 24. f4 Rg8 25. Rg1 Bf5 26. Rxg8+ Kxg8 27. Rd1 Qe6 28. Bf3 Kf8 29.
Nc5 Nxc5 30. Qxc5+ Kg7 31. Rg1+ Kh6 32. Qf2 Rg6 33. Bd5 Be4+ 34. Bxe4 Qxe4+ 35. Rg2 Qb1+ 36. Qg1 Qe4 37. b3 Qxf4 38. Rxg6+ hxg6 39. Kg2 Qd2+ 40. Qf2 Qg5+ 41. Kh3 Qe5 42. Qh4+ Kg7 43. Qg4 Qe3+ 44.
Kh4 Qf2+ 45. Qg3 Qf5 46. Qc7+ Kh6 47. Qxb7 g5+ 48. Kg3 Qf4+ 49. Kg2 Qd2+ 50. Kh3 Qe3+ 51. Kg4 Qf4+ 52. Kh3 Qe3+ 53. Kg2 Qe2+ 54. Kg1 Qe1+ 55. Kg2 Qe2+ 56. Kg3 Qe1+ 57. Kg4 Qg1+ 58. Kh3 Qf1+ 59.
Qg2 Qf5+ 60. Qg4 Qf1+ 61. Kg3 Qg1+ 62. Kf3 Qd1+ 63. Kg3 Qg1+ 64. Kh3 Qf1+ 65. Qg2 Qf5+ 66. Kg3 Qf4+ 67. Kh3 Qh4# 0-1